 Dungeon Crawl Stone Soup version 0.29-a0-994-gc5c9f59d18 (webtiles) character file.

Game seed: 8334899770953904076

5 vurker the Shooter (level 1, 18/18 HPs)
             Began as a Minotaur Hunter on Aug 3, 2022.
             Was a Follower of Vehumet.
             Quit the game on level 1 of the Dungeon.
             The game lasted 00:00:17 (112 turns).

vurker the Shooter (Minotaur Hunter)                 Turns: 112, Time: 00:00:18

Health: 18/18      AC:  3    Str: 15    XL:     1   Next: 66%
Magic:  0/0        EV: 12    Int:  6    God:    Vehumet [*.....]
Gold:   7          SH:  0    Dex: 13    Spells: 0/0 levels left

rFire   . . .      SeeInvis .   a - +0 shortbow
rCold   . . .      Faith    .   (shield currently unavailable)
rNeg    . . .      Spirit   .   c - +0 leather armour
rPois   .          Reflect  .   (helmet restricted)
rElec   .          Harm     .   (no cloak)
rCorr   .          Rampage  .   (no gloves)
Will    .....                   (no boots)
Stlth   +.........              (no amulet)
HPRegen 0.06/turn               (no ring)
MPRegen 0.07/turn               (no ring)

@: no status effects
A: horns 2, retaliatory headbutt
a: Renounce Religion


You were on level 1 of the Dungeon.
You worshipped Vehumet.
Vehumet was aware of your devotion.
You visited 1 branch of the dungeon, and saw 1 of its levels.

You collected 7 gold pieces.

Inventory:

Hand Weapons
 a - a +0 shortbow (weapon)
Armour
 c - a +0 leather armour (worn)
Scrolls
 b - a scroll of immolation
Potions
 d - a potion of invisibility {unknown}


   Skills:
 + Level 2.6 Fighting
 * Level 4.6 Ranged Weapons
 - Level 2.1 Dodging
 - Level 0.7 Stealth


You couldn't memorise any spells.
You didn't know any spells.
Your spell library was empty.

Dungeon Overview and Level Annotations

Branches:
Dungeon (1/15)

Altars:
Vehumet


Innate Abilities, Weirdness & Mutations

You have a pair of horns on your head.
You reflexively headbutt those who attack you in melee.


Message History

A rat is nearby!
You shoot an arrow. The arrow hits the rat!
You kill the rat!
You open the door.
Found 5 stones.
No target in view!
You open the door.
Key pressed, stopping explore.
No target in view!
No target in view!
There is an open door here.
You open the door.
There is an open door here.
As you open the door, it creaks loudly!
A rat comes into view.
Found a lumpy purple potion.
You shoot an arrow. The arrow hits the rat!
You kill the rat!
Found 6 curare-tipped darts.
There is an open door here.
Key pressed, stopping explore.
No target in view!
d - a lumpy purple potion No target in view!
No target in view!
You open the door.
An endoplasm comes into view.
Found a faded altar of an unknown god.
An endoplasm is nearby!
You shoot an arrow.
The arrow hits the endoplasm but does no damage.
The endoplasm quivers.
There is an open door here.
You shoot an arrow. The arrow hits the endoplasm!
You kill the endoplasm!
Found a stone staircase leading down.
No target in view!
Found a dagger.
No target in view!
No target in view!
A kobold comes into view. It is wielding a +0 dagger.
You shoot an arrow. The arrow hits the kobold.
You kill the kobold!
There is an open door here.
There is a faded altar of an unknown god here.
You cannot tell which god this altar belongs to.
Convert to them anyway?
Vehumet accepts your prayer! Vehumet welcomes you!
You can now gain magical power from killing.
Vehumet offers you knowledge of Freeze.

##...#####'#####.#
#.#
#.............#.##
..#
....(.....†.....#####
..#
....................#
#.#
..........'###.###+.#
)#
..........#..###..# #
..........#.......#
#.........##.....##
##.....#...#8.@.8#
########.##.....#
#.#...8...#
#.#..###..# #.+###
##+ ###


There were no monsters in sight!

Vanquished Creatures
  An endoplasm (D:1)
  A giant cockroach (D:1)
  A kobold (D:1)
  3 rats (D:1)
6 creatures vanquished.

Notes
Turn   | Place    | Note
-------+----------+-------------------------------------------
     0 | D:1      | vurker the Minotaur Hunter began the quest for the Orb.
     0 | D:1      | Reached XP level 1. HP: 18/18 MP: 0/0
    77 | D:1      | Found a faded altar of an unknown god.
   111 | D:1      | Prayed at the altar of an unknown god.
   111 | D:1      | Became a worshipper of Vehumet
   111 | D:1      | Reached * piety under Vehumet
   111 | D:1      | Offered knowledge of Freeze by Vehumet.
   112 | D:1      | Quit the game

Illustrated notes

Levels and vault maps discovered:
D:1:      dpeg_arrival_prison, layout_rooms,
          hellmonk_ecumenical_altar_slurped_away, minmay_tromino_v4_b

Action                   || total
-------------------------++-------
 Fire: Shortbow          ||     9
Armor: Leather armour    ||     1
Dodge: Dodged            ||     1

Table legend: (Time is in decaauts)
 A = Elapsed time spent in this place.
 B = Non-inter-level travel time spent in this place.
 C = Inter-level travel time spent in this place.
 D = Time resting spent in this place.
 E = Time spent auto-exploring this place.
 F = Levels seen in this place.
 G = Mean time per level.
                   A        B        C        D        E       F      G
               +--------+--------+--------+--------+--------+-----+--------+
         Total |    114 |     98 |     16 |      0 |     75 |   1 |  114.0 |
       Dungeon |    114 |     98 |     16 |      0 |     75 |   1 |  114.0 |
               +--------+--------+--------+--------+--------+-----+--------+

Top non-repeatable levels by time:
     D:1: 114 daAuts
